 Dungeon Crawl Stone Soup version 0.24.0-123-gd5b16e6ec5 (webtiles) character file.

Game seed: 14520697523942254808, levelgen mode: deterministic

137 PentaManta the Sneak (level 5, 0/36 HPs)
             Began as an Octopode Fighter on Dec 30, 2019.
             Succumbed to Eustachio's poison
             ... on level 4 of the Dungeon.
             The game lasted 00:04:46 (2680 turns).

PentaManta the Sneak (Octopode Fighter)             Turns: 2680, Time: 00:04:46

Health: 0/36       AC:  1    Str: 15    XL:     5   Next: 20%
Magic:  5/5        EV: 28    Int: 10    God:
Gold:   124        SH:  8    Dex: 13    Spells: 4/4 levels left

rFire    . . .     SeeInvis .   h - +0 dagger
rCold    . . .     Gourm    .   b - +0 shield
rNeg     . . .     Faith    .   (helmet restricted)
rPois    .         Spirit   .   m - amulet of the acrobat
rElec    .         Reflect  .   (no ring)
rCorr    .         Harm     .   (no ring)
MR       .....                  (no ring)
Stlth    ++++......             (no ring)
HPRegen  0.12/turn              (no ring)
MPRegen  0.09/turn              (no ring)
                                (no ring)
                                (no ring)

@: lethally poisoned (0 -> -24), acrobat, very slightly contaminated, invisible
A: almost no armour, stealthy swim, amphibious, 8 rings, constrict 8, camouflage
1, gelatinous body 1
a: no special abilities


You were on level 4 of the Dungeon.
You were hungry.

You visited 1 branch of the dungeon, and saw 4 of its levels.

You collected 124 gold pieces.

Inventory:

Hand Weapons
 a - a +0 long sword
 h - a +0 dagger (weapon)
 i - a +2 whip of electrocution
Armour
 b - a +0 shield (worn)
Jewellery
 m - an amulet of the acrobat (around mantle)
Scrolls
 k - 2 scrolls of amnesia
Potions
 c - 2 potions of might
 e - a potion of haste {unknown}
 g - 3 potions of curing
 j - 2 potions of mutation
 l - a potion of heal wounds
 o - 2 potions of lignification {unknown}
Comestibles
 d - 5 rations


   Skills:
 - Level 3.0 Fighting
 - Level 2.0 Long Blades
 + Level 4.5 Dodging
 + Level 4.7 Stealth
 - Level 3.0 Shields


You had 4 spell levels left.
You didn't know any spells.
Your spell library was empty.

Dungeon Overview and Level Annotations

Branches:
Dungeon (4/15)
 Temple: D:4-7

Altars:
Ru
The Shining One

Annotations:
D:4 Eustachio


Innate Abilities, Weirdness & Mutations

You cannot wear most types of armour.
You are very stealthy in the water. (Stealth+)
You are amphibious.
You can wear up to eight rings at the same time.
You can use your tentacles to constrict eight enemies at once.
Your skin changes colour to match your surroundings (Stealth+).
Your rubbery body absorbs attacks. (AC +1, EV +1)


Message History

Eustachio hits you with a +7 rapier of venom.
You are more poisoned.
You hit Eustachio but do no damage. Your grab misses Eustachio.
Your squeeze misses Eustachio.
Eustachio is heavily wounded.
* * * LOW HITPOINT WARNING * * *
You feel very sick. Eustachio closely misses you.
You hit Eustachio. Your grab misses Eustachio.
Eustachio is heavily wounded.
* * * LOW HITPOINT WARNING * * *
You feel very sick. Eustachio closely misses you.
You hit Eustachio. Your grab misses Eustachio. You squeeze Eustachio.
Eustachio is heavily wounded.
* * * LOW HITPOINT WARNING * * *
You feel sick.
* * * LOW HITPOINT WARNING * * *
You feel very sick.
You die...

..##.##.# #.......#
#.......# #.......#
..##.##5###.......#
#.5........># #
#####.......# #.#
#.......#
#...####.......#
#.......#######
#.....<@# #..###.@#
#. #..# .... ##..#.
...### ####


You could see Eustachio.

Vanquished Creatures
  An orc wizard (D:3)
  4 adders (D:2)
  An ooze (D:2)
  A worm (D:2)
  A dart slug (D:2)
  3 leopard geckos
  4 orcs (D:3)
  2 giant cockroaches
  12 goblins
  9 hobgoblins
  A quokka (D:2)
  5 bats
  4 frilled lizards
  5 kobolds
  4 rats
57 creatures vanquished.

Notes
Turn   | Place    | Note
-------+----------+-------------------------------------------
     0 | D:1      | PentaManta the Octopode Fighter began the quest for the
                  | Orb.
     0 | D:1      | Reached XP level 1. HP: 16/16 MP: 1/1
    54 | D:1      | Reached skill level 1 in Stealth
   432 | D:1      | Reached XP level 2. HP: 21/21 MP: 2/2
   882 | D:2      | Reached XP level 3. HP: 17/26 MP: 3/3
  1512 | D:2      | Reached XP level 4. HP: 31/31 MP: 4/4
  1928 | D:3      | Found a glowing golden altar of the Shining One.
  2155 | D:3      | Reached XP level 5. HP: 27/36 MP: 5/5
  2245 | D:3      | Found a sacrificial altar of Ru.
  2469 | D:4      | Noticed Eustachio
  2680 | D:4      | Succumbed to Eustachio's poison

Levels and vault maps discovered:
D:1:      lemuel_arrival_room, layout_basic
D:2:      layout_basic, minmay_small_reverse_x
D:3:      layout_basic, tso_metal_star, first_ration,
          nicolae_ru_sacrificial_ziggurat
D:4:      layout_loops_cross, eat_drink_and_be_merry_uskayaw,
          doesnt_xom_only_xom, uniq_eustachio, uniq_edmund

Skill      XL: |  1  2  3  4 |
---------------+-------------+-----
Stealth        | 1 2 3 4 |  4.7
Dodging        | 4 |  4.5
Fighting       | |  3.0
Long Blades    | |  2.0
Shields        | |  3.0

Action                   |  1- 3 |  4- 6 || total
-------------------------+-------+-------++-------
Melee: Long sword        |    27 |       ||    27
       Constrict         |    21 |     9 ||    30
       Tentacles         |    13 |     4 ||    17
       Dagger            |    15 |     7 ||    22
       Whip              |    25 |    32 ||    57
  Use: Scroll            |       |     6 ||     6
       Potion            |       |     2 ||     2
 Stab: Sleeping          |    11 |     8 ||    19
       Invisible         |       |     1 ||     1
  Eat: Chunk             |     1 |     4 ||     5
Armor: Skin              |     6 |     1 ||     7
Dodge: Dodged            |    17 |    27 ||    44
Block: Shield            |    27 |    14 ||    41
       Rpst.: Long sword |     2 |       ||     2
